 Dungeon Crawl Stone Soup version 0.30-a0-269-gf0224bf7b6 (console) character file.

Game seed: 4192157036267599295

168426 jejorda2 the Impaler (level 17, -8/143 (144) HPs)
             Began as a Merfolk Berserker on Oct 14, 2022.
             Was a High Priest of Trog.
             Mangled by a pharaoh ant (14 damage)
             ... on level 3 of the Spider Nest.
             The game lasted 01:34:00 (28531 turns).

jejorda2 the Impaler (Merfolk Berserker)           Turns: 28531, Time: 01:34:01

HP:   -8/143 (144)  AC: 42    Str: 23    XL:     17   Next: 94%
MP:   17/17         EV:  6    Int: 10    God:    Trog [*****.]
Gold: 1316          SH:  0    Dex: 14    Spells: 16/16 levels left

rFire   + . .      SeeInvis .    a - +4 glaive (vorpal)
rCold   + . .      Faith    .    (shield currently unavailable)
rNeg    + . .      Spirit   .    e - +5 crystal plate armour "Hiunopuf" {rPois rN+ Int+2}
rPois   +          Reflect  .    H - +2 hat {Will+}
rElec   .          Harm     .    v - scarf {rC+ rF+}
rCorr   .          Rampage  ∞    Z - +3 pair of gauntlets of War {Slay+5}
Will    ++...                    R - +3 pair of seven-league boots {Rampage+∞}
Stlth   ..........               N - amulet of the acrobat
HPRegen 0.43/turn                j - +4 ring of slaying
MPRegen 0.15/turn                T - +4 ring of protection

@: lightly drained
A: (nimble swimmer 2), mertail
a: Renounce Religion, Berserk, Trog's Hand, Brothers in Arms


You were on level 3 of the Spider Nest.
You worshipped Trog.
Trog was extremely pleased with you.
You visited 4 branches of the dungeon, and saw 26 of its levels.
You also visited: Ossuary.

You collected 3325 gold pieces.
You spent 2009 gold pieces at shops.

Inventory:

Hand Weapons
 a - a +4 vorpal glaive (weapon)
 b - a +3 halberd of flaming
Missiles
 g - 6 datura-tipped darts
 h - 8 curare-tipped darts
 k - 203 stones
 l - 3 atropa-tipped darts
 n - 34 poisoned darts (quivered)
 w - 4 javelins
 A - 3 throwing nets
 E - 5 boomerangs of dispersal
 X - 12 boomerangs
Armour
 e - the +5 crystal plate armour "Hiunopuf" (worn) {rPois rN+ Int+2}
   (You acquired it on level 5 of the Dungeon)

   Int:       It affects your intelligence (+2).
   rPois:     It protects you from poison.
   rN:        It protects you from negative energy.
 v - a scarf of resistance (worn)
 H - a +2 hat of willpower (worn)
 R - the +3 pair of seven-league boots (worn) {Rampage+∞}
   (You found it on level 2 of the Lair of Beasts)

   Its wearer moves as far as possible in that direction when moving towards
   enemies.
 Z - the +3 pair of gauntlets of War (worn) {Slay+5}
   (You bought it in a shop on level 14 of the Dungeon)

   Slay:      It affects your accuracy & damage with ranged weapons and melee
   (+5).
Jewellery
 j - a +4 ring of slaying (left hand)
 K - a ring of fire
 N - an amulet of the acrobat (around neck)
 T - a +4 ring of protection (right hand)
 Y - a ring of see invisible
Wands
 p - a wand of polymorph (4)
 G - a wand of paralysis (8)
 I - a wand of flame (29)
 O - a wand of iceblast (9)
 P - a wand of acid (8)
 S - a wand of digging (6)
Scrolls
 c - 2 scrolls of fear
 q - 9 scrolls of teleportation
 r - 5 scrolls of butterflies
 z - 4 scrolls of magic mapping
 F - 3 scrolls of poison
 U - a scroll of summoning
 W - a scroll of blinking
Potions
 d - a potion of flight
 f - 9 potions of ambrosia
 o - 3 potions of mutation
 t - 9 potions of curing
 u - 3 potions of attraction
 x - 4 potions of haste
 B - 3 potions of invisibility
 D - 4 potions of might
 Q - 3 potions of cancellation
Miscellaneous
 i - a phial of floods
 s - a condenser vane


   Skills:
 - Level 16.0 Fighting
 + Level 20.6 Polearms
 + Level 14.7 Throwing
 + Level 12.5 Armour
 - Level 2.6 Dodging
 - Level 6.0 Evocations


You had 16 spell levels left.
You didn't know any spells.
Your spell library was empty.

Dungeon Overview and Level Annotations

Branches:
Dungeon (15/15)            Temple (0/1) D:7            Lair (5/5) D:11
 Shoals (0/4) Lair:3       Spider (4/4) Lair:2        Slime (0/5) Lair:4
    Orc (2/2) D:9             Elf (0/3) Orc:2        Vaults (0/5) D:13
 Depths (0/4) D:15        Ossuary (visited)

Altars:
Cheibriados
Dithmenos
Elyvilon
Fedhas
Gozag
Hepliaklqana
Kikubaaqudgha
Makhleb
Nemelex Xobeh
Qazlal
Ru
Sif Muna
Trog
Uskayaw
Vehumet
Zin
Jiyva

Shops:
D:1 :   D:12 *   D:14 [   Orc:1 =   Orc:2 **=(

Portals:
Trove: D:11 (give 6 potions of haste)

Annotations:
D:3 Natasha
D:7 exclusion: statue
D:13 1 runed translucent door, purpskrrrp's ghost, journeyman TrFi


Innate Abilities, Weirdness & Mutations

((You are very nimble when in or above water. (Stealth+, EV+, Speed+++)))
Your lower body shifts to a powerful aquatic tail in water.


Message History

The redback bites you but does no damage.
The redback completely misses you.
The tarantella touches you but does no damage.
The redback completely misses you. The tarantella barely misses you.
The pharaoh ant bites you but does no damage.
The wolf spider hits you but does no damage.
The wolf spider bites you but does no damage.
The redback bites you but does no damage.
The tarantella barely misses you.
The redback bites you but does no damage.
The redback barely misses you.
Unknown command.
Unknown command.
You slice the tarantella!!
You kill the tarantella!
Trog accepts your kill. The pharaoh ant bites you!
* * * LOW HITPOINT WARNING * * *
The wolf spider hits you but does no damage.
The wolf spider barely misses you. The redback barely misses you.
The tarantella touches you.
* * * LOW HITPOINT WARNING * * *
The redback bites you but does no damage.
The redback bites you.
* * * LOW HITPOINT WARNING * * *
Unknown command.
Unknown command.
Unknown command.
You feel better. The wolf spider hits you.
* * * LOW HITPOINT WARNING * * *
The wolf spider bites you but does no damage.
The pharaoh ant bites you!!
* * * LOW HITPOINT WARNING * * *
The redback barely misses you.
The tarantella touches you but does no damage.
The redback bites you but does no damage.
The redback barely misses you. The wolf spider barely misses you.
The wolf spider bites you but does no damage.
The pharaoh ant bites you!
You die...

........#.............##
................^.....#
......................#
....#^...............)#
#.........^...........#
#
.....#.....#.........##
# #..#####.#####.......#
# #..# ### #..ssB...# #
#### ###†@s...# #
#s#s.### # ###.## # ###
#


You could see a wolf spider, a pharaoh ant, a tarantella and 3 redbacks.

Vanquished Creatures
  Rupert (D:15)
  Mlioglotl (Spider:1)
  Gastronok (D:12)
  3 emperor scorpions
  Nessos (D:15)
  Snorg (Orc:2)
  2 fire dragons
  4 entropy weavers
  Harold (Orc:1)
  An ice dragon (D:15)
  6 hydras
  A vault guard (D:13)
  3 catoblepae
  2 radroaches
  2 anacondas (Lair:3)
  10 boulder beetles
  6 two-headed ogres
  8 centaur warriors
  A tengu warrior (D:15)
  6 death yaks
  A death scarab (Spider:2)
  An orc high priest (Orc:2)
  Amaemon (Lair:2)
  A fire crab (Lair:3)
  A pharaoh ant (Spider:3)
  A sun moth (Spider:2)
  6 orb spiders
  3 lindwurms (Lair:5)
  5 steelbarb worms
  An orc sorcerer (Orc:2)
  2 deep elf pyromancers (D:14)
  4 oklob plants
  5 orc knights
  10 ugly things
  3 manticores
  8 wolf spiders
  A necromancer (Lair:4)
  4 cyclopes
  4 slime creatures
  A guardian serpent (Lair:2)
  2 moths of wrath
  2 rust devils (D:8)
  8 black mambas
  An ice statue (D:9)
  3 elephants (Lair:3)
  2 molten gargoyles (Lair:5)
  3 torpor snails
  8 cane toads
  A gargoyle (D:12)
  An orange demon (Lair:2)
  2 unseen horrors
  A kobold demonologist (D:14)
  An unseen horror (shapeshifter) (D:15)
  A rime drake (Lair:3)
  4 demonic crawlers
  7 komodo dragons
  2 tengu conjurers
  3 trolls
  A queen bee (D:9)
  4 hornets
  A polar bear (Lair:2)
  24 tarantellas
  16 blink frogs
  Prince Ribbit (D:8)
  6 dream sheep (Lair:5)
  19 jumping spiders
  Sigmund (D:3)
  2 shadows
  17 culicivoras
  6 wyverns (Lair:5)
  A hog (shapeshifter) (D:15)
  4 wraiths
  12 basilisks
  53 yaks
  5 steam dragons
  6 vampire mosquitoes (D:12)
  2 wargs
  Menkaure (Ossuary)
  30 redbacks
  13 water moccasins
  An acid dragon (D:9)
  Duvessa (D:5)
  5 hell hounds (Lair:5)
  38 orc warriors
  An ice beast (D:5)
  6 black bears
  A sky beast (D:8)
  11 wolves
  2 ogres (Orc:1)
  17 centaurs
  2 phantoms
  7 kobold brigands
  2 gnoll sergeants (D:7)
  15 bullfrogs
  6 scorpions
  2 necrophages
  5 wights (D:8)
  Dowan (D:5)
  25 killer bees (D:9)
  8 howler monkeys
  3 electric eels
  5 lava snakes (Lair:5)
  7 jellies
  2 hounds
  Crazy Yiuf (D:3)
  15 orc priests
  A gnoll bouda (D:5)
  2 iguanas
  Natasha (twice) (D:3)
  21 orc wizards
  2 polar bear simulacra (Lair:4)
  2 wolf simulacra (Lair:4)
  5 yak simulacra (Lair:4)
  4 mummies
  15 gnolls
  5 adders
  A white imp (D:6)
  A worm (D:10)
  3 dart slugs (D:1)
  101 orcs
  9 ball pythons
  7 bats
  10 endoplasms
  3 giant cockroaches
  6 gnoll zombies (Ossuary)
  7 goblins
  11 hobgoblins
  31 kobolds
  8 quokkas
  4 gnoll skeletons (Ossuary)
  3 goblin skeletons (Ossuary)
  2 goblin zombies
  5 hobgoblin skeletons (Ossuary)
  3 hobgoblin zombies (Ossuary)
  5 kobold skeletons (Ossuary)
  4 kobold zombies
  6 orc skeletons (Ossuary)
  6 orc zombies (Ossuary)
  6 rats
  2 rat skeletons (Ossuary)
  6 rat zombies (Ossuary)
  2 river rat simulacra (Lair:4)
  A butterfly (Lair:4)
902 creatures vanquished.

Vanquished Creatures (collateral kills)
  A dire elephant (Lair:3)
  A hydra (Lair:3)
  A death yak (Lair:3)
  A steelbarb worm (Lair:2)
  A tarantella (Lair:2)
  A water moccasin (Lair:2)
  A gnoll sergeant (D:4)
7 creatures vanquished.

Vanquished Creatures (others)
  A jumping spider (Spider:1)
  A culicivora (Spider:1)
  3 yaks (D:11)
  56 fungi
  47 plants
  5 toadstools (D:5)
113 creatures vanquished.

Grand Total: 1022 creatures vanquished

Notes
Turn   | Place    | Note
-------+----------+-------------------------------------------
     0 | D:1      | jejorda2 the Merfolk Berserker began the quest for the Orb.
     0 | D:1      | Reached XP level 1. HP: 18/18 MP: 1/1
   239 | D:1      | Reached XP level 2. HP: 23/24 MP: 2/2
   542 | D:1      | Reached XP level 3. HP: 23/29 MP: 3/3
   736 | D:1      | Found Isos's Book Shoppe.
   746 | D:1      | Reached skill level 5 in Polearms
  1413 | D:2      | Reached XP level 4. HP: 32/37 MP: 4/4
  1455 | D:2      | Reached ** piety under Trog
  1864 | D:3      | Noticed Natasha
  1875 | D:3      | Killed Natasha
  1928 | D:3      | Reached XP level 5. HP: 42/42 MP: 5/5
  1943 | D:3      | Reached skill level 6 in Polearms
  2095 | D:3      | Noticed Sigmund
  2128 | D:3      | Killed Sigmund
  2129 | D:3      | Reached skill level 7 in Polearms
  2129 | D:3      | Reached XP level 6. HP: 49/49 MP: 6/6
  2534 | D:3      | Noticed Natasha
  2538 | D:3      | Killed Natasha
  2579 | D:3      | Found a runed translucent door.
  2580 | D:3      | Noticed Crazy Yiuf
  2585 | D:3      | Killed Crazy Yiuf
  2590 | D:3      | Identified the +6 hammer of Pride {antimagic, rF+ Dex+3
                  | Stlth+}
  2658 | D:3      | Noticed Natasha
  2724 | D:4      | Reached skill level 5 in Fighting
  2849 | D:4      | Identified the +8 quarterstaff "Logovvih" {vamp, *Slow
                  | rCorr Int+4}
  3060 | D:4      | Reached XP level 7. HP: 56/56 MP: 7/7
  3340 | D:4      | Reached skill level 8 in Polearms
  3523 | D:5      | Entered Level 5 of the Dungeon
  3531 | D:5      | Identified a scroll of acquirement
  3532 | D:5      | Acquired the +5 crystal plate armour "Hiunopuf" {rPois rN+
                  | Int+2}
  3651 | D:5      | Reached *** piety under Trog
  3728 | D:5      | Reached skill level 9 in Polearms
  3753 | D:5      | Reached XP level 8. HP: 64/64 MP: 8/8
  3845 | D:5      | Noticed a slime creature
  3848 | D:5      | Reached skill level 10 in Polearms
  3849 | D:5      | Noticed a slime creature
  3856 | D:5      | Noticed a slime creature
  4236 | D:5      | Reached skill level 11 in Polearms
  4643 | D:5      | Killed a large slime creature
  4644 | D:5      | Reached skill level 12 in Polearms
  4644 | D:5      | Reached XP level 9. HP: 37/69 MP: 9/9
  4650 | D:5      | Reached skill level 5 in Armour
  4859 | D:5      | Noticed Duvessa
  4859 | D:5      | Noticed Dowan
  4862 | D:5      | Killed Duvessa
  4868 | D:5      | Killed Dowan
  5145 | D:6      | Found a sand-covered staircase.
  5146 | D:6      | Reached **** piety under Trog
  5147 | D:6      | Reached skill level 13 in Polearms
  5157 | Ossuary  | Entered an ossuary
  5414 | Ossuary  | Reached ***** piety under Trog
  5442 | Ossuary  | Noticed Menkaure
  5445 | Ossuary  | Killed Menkaure
  5478 | Ossuary  | Received a gift from Trog
  5902 | D:6      | Found a sacrificial altar of Ru.
  5979 | D:6      | Noticed a troll
  5983 | D:6      | Killed a troll
  5984 | D:6      | Reached skill level 14 in Polearms
  6077 | D:7      | Reached XP level 10. HP: 76/76 MP: 10/10
  6137 | D:7      | Reached skill level 1 in Throwing
  6207 | D:7      | Found a staircase to the Ecumenical Temple.
  6334 | D:7      | Found a radiant altar of Vehumet.
  6817 | D:7      | Found a glowing silver altar of Zin.
  7189 | D:8      | Found a bloodstained altar of Trog.
  7351 | D:8      | Reached skill level 15 in Polearms
  7508 | D:8      | Found a hide-covered altar of Uskayaw.
  7515 | D:8      | Noticed Prince Ribbit
  7525 | D:8      | Killed Prince Ribbit
  8241 | D:9      | Identified the +9 halberd "Ekhlomec" {vorpal, Stlth+} (Trog
                  | gifted it to you on level 9 of the Dungeon)
  8241 | D:9      | Received a gift from Trog
  8260 | D:9      | Found a staircase to the Orcish Mines.
  8436 | D:9      | Reached skill level 16 in Polearms
  8488 | D:9      | Found an ancient bone altar of Kikubaaqudgha.
  8523 | D:8      | Noticed a rust devil
  8523 | D:8      | Noticed a rust devil
  8526 | D:8      | Reached XP level 11. HP: 81/81 MP: 11/11
  8839 | D:9      | Reached skill level 5 in Throwing
  9042 | D:9      | Reached skill level 17 in Polearms
  9373 | D:9      | Identified the +0 buckler "Geta" {rC- Will+ Int+2 Stlth+}
  9553 | D:10     | Entered Level 10 of the Dungeon
  9685 | D:10     | Found a white marble altar of Elyvilon.
  9693 | D:10     | Found a shadowy altar of Dithmenos.
  9696 | D:10     | Found a shimmering blue altar of Sif Muna.
  9696 | D:10     | Found a burning altar of Makhleb.
  9696 | D:10     | Found an opulent altar of Gozag.
  9696 | D:10     | Found a sparkling altar of Nemelex Xobeh.
  9697 | D:10     | Found a stormy altar of Qazlal.
  9698 | D:10     | Found a blossoming altar of Fedhas.
  9987 | D:10     | Reached skill level 1 in Evocations
  9992 | D:10     | Reached skill level 18 in Polearms
 10214 | D:10     | Reached XP level 12. HP: 85/89 MP: 12/12
 10236 | D:10     | Found a snail-covered altar of Cheibriados.
 10449 | D:11     | Noticed a two-headed ogre
 10460 | D:11     | Killed a two-headed ogre
 10463 | D:11     | Noticed a two-headed ogre
 10477 | D:11     | Killed a two-headed ogre
 10519 | D:11     | Found a portal to a secret trove of treasure.
 10869 | D:11     | Found a staircase to the Lair.
 10878 | Lair:1   | Entered Level 1 of the Lair of Beasts
 10930 | Lair:1   | Reached ****** piety under Trog
 11497 | Lair:1   | Noticed a catoblepas
 11508 | Lair:1   | Killed a catoblepas
 11765 | Lair:2   | Noticed Amaemon
 11773 | Lair:2   | Killed Amaemon
 11932 | Lair:2   | Received a gift from Trog
 12031 | Lair:2   | Found a hole to the Spider Nest.
 12245 | Lair:2   | Identified the +9 scale mail of Fortitude {Harm}
 12382 | Lair:2   | Reached XP level 13. HP: 102/102 MP: 13/13
 12490 | Lair:2   | Reached skill level 10 in Fighting
 12620 | Lair:2   | Reached skill level 5 in Evocations
 12678 | Lair:2   | Reached skill level 19 in Polearms
 12949 | Lair:2   | Found the +3 pair of seven-league boots {Rampage+∞}
 13533 | Lair:3   | Found a staircase to the Shoals.
 14086 | Lair:3   | Received a gift from Trog
 14114 | Lair:3   | Noticed a dire elephant
 14152 | Lair:3   | Killed a dire elephant
 14894 | Lair:4   | Reached XP level 14. HP: 115/115 MP: 14/14
 14899 | Lair:4   | Reached skill level 20 in Polearms
 14922 | Lair:4   | Reached skill level 10 in Armour
 16213 | Lair:4   | Found a viscous altar of Jiyva.
 16215 | Lair:4   | Found a staircase to the Slime Pits.
 16400 | Lair:5   | Entered Level 5 of the Lair of Beasts
 17175 | Lair:5   | Received a gift from Trog
 17669 | Lair:5   | Found a large runed translucent door.
 17670 | Lair:5   | Found a large runed translucent door.
 18627 | D:12     | Noticed Gastronok
 18653 | D:12     | Killed Gastronok
 18654 | D:12     | Reached XP level 15. HP: 120/120 MP: 15/15
 18750 | D:12     | Found Lottaqa's General Store.
 18759 | D:12     | Bought 6 boomerangs for 33 gold pieces
 18759 | D:12     | Bought a +1 pair of gloves of strength for 181 gold pieces
 19336 | D:13     | Found a runed translucent door.
 19427 | D:13     | You fall into a shaft and drop 2 floors!
 19427 | D:15     | Entered Level 15 of the Dungeon
 19655 | D:15     | Noticed Rupert
 19667 | D:15     | Killed Rupert
 19668 | D:15     | Reached skill level 10 in Throwing
 19858 | D:15     | Noticed Nessos
 19873 | D:15     | Killed Nessos
 20179 | D:15     | Found a staircase to the Depths.
 20764 | D:14     | Found Sergheddi's Antique Armour Shoppe.
 20777 | D:14     | Bought the +3 pair of gauntlets of War {Slay+5} for 1045
                  | gold pieces
 20777 | D:14     | Found the +3 pair of gauntlets of War {Slay+5}
 21069 | D:14     | Found an opulent altar of Gozag.
 21693 | D:13     | Found a hazy altar of Hepliaklqana.
 21840 | D:13     | Noticed purpskrrrp's ghost (journeyman TrFi)
 21840 | D:13     | Identified the +11 spear of Reshruyv {vorpal, rF+ MP-9
                  | Str+3 Dex+4}
 22099 | D:13     | Found a gate to the Vaults.
 22276 | Orc:1    | Entered Level 1 of the Orcish Mines
 22276 | Orc:1    | Found Hishrymo's Jewellery Shop.
 22336 | Orc:1    | Noticed Harold
 22343 | Orc:1    | Killed Harold
 22558 | Orc:2    | Entered Level 2 of the Orcish Mines
 22677 | Orc:2    | Received a gift from Trog
 22764 | Orc:2    | Noticed Snorg
 22772 | Orc:2    | Killed Snorg
 22886 | Orc:1    | Reached XP level 16. HP: 117/134 MP: 16/16
 23280 | Orc:2    | Found Afu Tuce's Assorted Antiques.
 23280 | Orc:2    | Found Doh Kant's Jewellery Shop.
 23280 | Orc:2    | Found Pamownuj's Weapon Boutique.
 23340 | Orc:2    | Found Heol Zup's General Store.
 23543 | Orc:2    | Found a radiant altar of Vehumet.
 23792 | Orc:2    | Found a staircase to the Elven Halls.
 23832 | Orc:2    | Received a gift from Trog
 24110 | Orc:2    | Bought a potion of experience for 750 gold pieces
 24110 | Orc:2    | Reached skill level 15 in Fighting
 24110 | Orc:2    | Reached XP level 17. HP: 144/144 MP: 17/17
 24283 | Spider:1 | Entered Level 1 of the Spider Nest
 24848 | Spider:1 | Noticed Mlioglotl
 24857 | Spider:1 | Killed Mlioglotl
 25269 | Lair:2   | HP: 7/144 [barbs]
 26417 | Spider:2 | Received a gift from Trog
 26636 | Spider:2 | Identified the +6 dagger "Gopeemex" {venom, rF- rC++}
 28450 | Spider:4 | Entered Level 4 of the Spider Nest
 28531 | Spider:3 | HP: 6/143 [pharaoh ant (26)]
 28531 | Spider:3 | Mangled by a pharaoh ant

Illustrated notes

Levels and vault maps discovered:
D:1:      dpeg_arrival_court, layout_loops_cross, serial_shops, shop,
          corexii_corridor_pit, chequers_jeans
D:2:      layout_basic
D:3:      layout_basic, minivault_5, nrook_mini_vaults, minmay_surrounded,
          uniq_natasha, uniq_sigmund, uniq_crazy_yiuf_cottage
D:4:      layout_loops_ring, lightli_minifort
D:5:      cheibrodos_fertilizer, layout_loops_corners, uniq_duvessa
D:6:      layout_rooms, mainiacjoe_overflow_alcove_2, nicolae_ossuary_entry_giza
D:7:      layout_loops_ring, vehumet_statue, mainiacjoe_overflow_cross_hatched,
          minmay_temple_entry_ruins
D:8:      cheibrodos_iron_armory, layout_layer_cave,
          nicolae_uskayaw_murder_on_the_dancefloor, kennysheep_little_box,
          uniq_prince_ribbit1
D:9:      layout_roguey [special_room_bee], kennysheep_mini, hiddenorc2_lemuel,
          minivault_15
D:10:     minmay_angry_zag, layout_irregular_city, slow_altar_1, minitemple,
          minmay_misc_feat_x, nicolae_water_bricks
D:11:     layout_rooms, grunt_lair_entry_orc_guard_hut,
          nicolae_trove_entry_isolated, kennysheep_decorative_pillar,
          lemuel_nasty_fountain
D:12:     layout_basic, serial_shops, nicolae_shop_crystal, uniq_gastronok
D:13:     layout_cave_pools, david_vaults_5, special_room [special_room_orc],
          ebering_ghost_funeral_grove, worldfamousw_hep_ancestral_shrine
D:14:     layout_irregular_city, nicolae_gozag_seed_capital, serial_shops,
          nicolae_shop_waterfront
D:15:     grunt_enter_depths_hoard, layout_basic, roderic_lattice_a,
          feat_on_display, uniq_nessos, uniq_rupert
Lair:1:   layout_long_grid, dpeg_stationary_puzzle
Lair:2:   layout_cave_pods, spider_nest_entry_a,
          hellmonk_guarded_unrand_seven_league_boots, uniq_amaemon
Lair:3:   layout_small_grid, minmay_shoals_entry_centaurs,
          nicolae_lair_lakeside_cave, serial_bayou_shore_b
Lair:4:   layout_roguey, minmay_slime_entry_oklob_enclosed, minivault_23,
          eino_house_with_fridge, lemuel_fruit_fields
Lair:5:   cheibrodos_lair_end_hotspot, layout_regular_city
Spider:1: layout_spider_delve, drop_trap, uniq_mlioglotl
Spider:2: layout_spider_delve
Spider:3: layout_spider_delve
Spider:4: grunt_spider_rune_circles, uniq_kirke
Orc:1:    cheibrodos_orc_bank, layout_diamond_mine, serial_shops, shop,
          uniq_harold
Orc:2:    st_orc_rangers, layout_diamond_mine, basic_altar, uniq_snorg

Skill      XL: |  1  2  3  4  5  6  7  8  9 10 11 12 13 14 15 16 17 |
---------------+----------------------------------------------------+-----
Polearms       | 5 7 9 12 14 16 18 19 20 | 20.6
Armour         | 2 3 4 5 6 7 8 9 11 12 | 12.5
Fighting       | 4 5 6 9 12 14 15 16 | 16.0
Throwing       | 4 6 8 11 12 14 | 14.7
Evocations     | 1 4 6 |  6.0
Dodging        | |  2.6

Action                   |  1- 3 |  4- 6 |  7- 9 | 10-12 | 13-15 | 16-18 || total
-------------------------+-------+-------+-------+-------+-------+-------++-------
Melee: Spear             |   134 |    90 |       |       |       |       ||   224
       Punch             |       |     1 |       |       |     1 |       ||     2
       Halberd           |       |    41 |   267 |   482 |   880 |   311 ||  1981
       Glaive            |       |       |    49 |   175 |     3 |   160 ||   387
       Trident           |       |       |       |       |    11 |       ||    11
       Tailslap          |       |       |       |       |     2 |     1 ||     3
Throw: Dart              |       |       |     3 |    15 |    44 |    38 ||   100
       Stone             |       |       |    15 |    16 |       |       ||    31
       Boomerang         |       |       |       |       |    10 |    51 ||    61
       Javelin           |       |       |       |       |       |     1 ||     1
Invok: Trog's Hand       |       |     1 |     2 |     5 |    11 |     2 ||    21
       Berserk           |       |     2 |     3 |     3 |     8 |     1 ||    17
       Brothers in Arms  |       |       |       |     1 |     1 |     2 ||     4
Evoke: Wand              |       |       |       |       |     2 |     2 ||     4
       Condenser vane    |       |       |       |       |     1 |     1 ||     2
  Use: Potion            |       |     6 |     1 |     2 |       |     8 ||    17
       Scroll            |       |       |    20 |     5 |     9 |     3 ||    37
 Stab: Sleeping          |     7 |       |       |       |       |       ||     7
       Petrified         |       |       |       |       |     4 |       ||     4
Armor: Animal skin       |     9 |     7 |       |       |       |       ||    16
       Chain mail        |       |    15 |    12 |       |       |       ||    27
       Skin              |       |     6 |       |       |       |       ||     6
       Crystal plate arm |       |       |   113 |   307 |   550 |   609 ||  1579
Dodge: Dodged            |    46 |    43 |    70 |   142 |   275 |   211 ||   787
Block: Other             |       |       |       |    19 |       |       ||    19
       Reflection        |       |       |       |     1 |       |       ||     1

Table legend: (Time is in decaauts)
 A = Elapsed time spent in this place.
 B = Non-inter-level travel time spent in this place.
 C = Inter-level travel time spent in this place.
 D = Time resting spent in this place.
 E = Time spent auto-exploring this place.
 F = Levels seen in this place.
 G = Mean time per level.
                   A        B        C        D        E       F      G
               +--------+--------+--------+--------+--------+-----+--------+
         Total |  27922 |  26284 |   1638 |   3460 |  18015 |  27 | 1034.1 |
       Dungeon |  14370 |  13430 |    940 |    769 |  10034 |  15 |  958.0 |
          Lair |   8322 |   8057 |    265 |   2040 |   4748 |   5 | 1664.4 |
   Spider Nest |   2945 |   2818 |    127 |    485 |   1814 |   4 |  736.2 |
  Orcish Mines |   1860 |   1555 |    305 |    142 |   1207 |   2 |  930.0 |
       Ossuary |    424 |    424 |      0 |     22 |    211 |   1 |  424.0 |
               +--------+--------+--------+--------+--------+-----+--------+

Top non-repeatable levels by time:
  Lair:2: 2620 daAuts
  Lair:5: 1665 daAuts
  Lair:3: 1636 daAuts
  Lair:4: 1551 daAuts
     D:5: 1530 daAuts
     D:8: 1304 daAuts
     D:9: 1195 daAuts
   Orc:2: 1153 daAuts
    D:12: 1105 daAuts
Spider:2: 1085 daAuts
    D:15: 1038 daAuts
     D:7: 983 daAuts
Spider:3: 968 daAuts
     D:4: 923 daAuts
     D:3: 916 daAuts
